 Dungeon Crawl Stone Soup version 0.31.0-12-g77e489cdc1 (webtiles) character file.

Game seed: 15912157105565475515

683 Gadfly the Trooper (level 7, -1/74 HPs)
             Began as an Oni Berserker on Feb 27, 2024.
             Was a Priest of Trog.
             Slain by an iguana (7 damage)
             ... on level 4 of the Dungeon.
             The game lasted 00:09:54 (3637 turns).

Gadfly the Trooper (Oni Berserker)                  Turns: 3637, Time: 00:09:54

Health: -1/74      AC:  5    Str: 22    XL:     7   Next: 61%
Magic:  7/7        EV: 10    Int:  8    God:    Trog [***...]
Gold:   230        SH:  0    Dex: 10    Spells: 6/6 levels left

rFire   . . .        a - +0 flail
rCold   . . .        (no shield)
rNeg    . . .        h - +0 robe
rPois   .            (helmet restricted)
rElec   .            k - +1 cloak
rCorr   .            (gloves unavailable)
SInv    .            (boots unavailable)
Will    .....        (no amulet)
Stlth   +            (no ring)
HPRegen 0.32/turn    (no ring)
MPRegen 0.10/turn

%: no passive effects
@: no status effects
A: large, unfitting armour, horns 1, tough skin 1, double potion healing,
drunken brawling
a: Renounce Religion, Berserk, Trog's Hand


You were on level 4 of the Dungeon.
You worshipped Trog.
Trog was most pleased with you.
You visited 1 branch of the dungeon, and saw 4 of its levels.

You collected 230 gold pieces.

Inventory:

Hand Weapons
 a - a +0 flail (weapon)
 b - a +0 morningstar
Armour
 h - a +0 robe (worn)
 k - a +1 cloak (worn)
Jewellery
 l - a ring of protection from fire
Scrolls
 f - a scroll of teleportation
 i - a scroll of identify
Potions
 c - a potion of lignification
 d - a potion of haste
 g - a potion of attraction {unknown}


   Skills:
 + Level 5.7 Fighting
 * Level 5.2 Maces & Flails
 * Level 3.5 Armour
 - Level 2.6 Dodging
 * Level 3.3 Evocations


You had 6 spell levels left.
You didn't know any spells.
Your spell library was empty.

Dungeon Overview and Level Annotations

Branches:
Dungeon (4/15)
 Temple: D:4-7

Altars:


Innate Abilities, Weirdness & Mutations

You are too large for most types of armour.
You have a pair of small horns on your head.
You have tough skin. (AC +1)
You gain doubled healing and magic from potions.
Whenever you drink a healing potion, you attack all around you.


Message History

You barely miss the orc. You headbutt the orc.
You kill the orc!
Trog accepts your kill. The orc barely misses you.
The orc hits you with a +0 mace.
* * * LOW HITPOINT WARNING * * *
You see here a +0 whip.
You hit the orc but do no damage. The orc hits you with a +0 mace.
* * * LOW HITPOINT WARNING * * *
You barely miss the orc. You headbutt the orc.
The orc is moderately wounded.
The orc hits you with a +0 mace.
* * * LOW HITPOINT WARNING * * *
You hit the orc but do no damage.
The orc is moderately wounded.
The orc barely misses you.
Okay, then.
You hit the orc.
You kill the orc!
Trog accepts your kill.
Items here: )) [[ †.
You start resting.
An iguana comes into view.
The iguana hisses angrily.
You start resting.
An iguana is nearby!
Things that are here:
a +0 club; a +0 leather armour You start resting.
An iguana is nearby!
The iguana bites you!
* * * LOW HITPOINT WARNING * * *
You barely miss the iguana. The iguana bites you!
* * * LOW HITPOINT WARNING * * *
The iguana bites you.
* * * LOW HITPOINT WARNING * * *
You closely miss the iguana. The iguana closely misses you.
You barely miss the iguana. Your headbutt misses the iguana.
The iguana bites you!
You die...

..............#
.........).)..#
..............###
##########.......#
#..)#....#.))....+
#...'....#.......#
#...#....#.......#
#####'##'#l......##
####.......@÷.........#
#..#........÷.........#
#..#..................#
#..#..................#
#..'..................#
#..#..................#
########..................
............##+##+##....#
............#


You could see an iguana.

Vanquished Creatures
  Grinder (D:3)
  A phantom (D:3)
  A bullfrog (D:4)
  A howler monkey (D:4)
  A bombardier beetle (D:3)
  2 orc priests
  A sleepcap (D:4)
  2 orc wizards
  An adder (D:3)
  5 ribbon worms
  5 dart slugs
  16 orcs
  9 endoplasms
  2 giant cockroaches (D:2)
  5 goblins
  7 hobgoblins
  5 kobolds
  5 quokkas
  9 ball pythons
  12 bats
  2 frilled lizards
  6 rats
99 creatures vanquished.

Notes
Turn   | Place    | Note
-------+----------+-------------------------------------------
     0 | D:1      | Gadfly the Oni Berserker began the quest for the Orb.
     0 | D:1      | Reached XP level 1. HP: 24/24 MP: 1/1
    86 | D:1      | Reached XP level 2. HP: 30/32 MP: 2/2
   249 | D:1      | Reached skill level 1 in Armour
   303 | D:1      | Reached XP level 3. HP: 33/39 MP: 3/3
   856 | D:2      | Reached skill level 1 in Evocations
   888 | D:2      | Reached ** piety under Trog
  1455 | D:2      | Reached XP level 4. HP: 48/49 MP: 4/4
  1967 | D:3      | Noticed Grinder
  1979 | D:3      | Noticed a phantom
  1988 | D:3      | Killed Grinder
  1989 | D:3      | Reached skill level 5 in Fighting
  1989 | D:3      | Reached XP level 5. HP: 14/57 MP: 5/5
  1989 | D:3      | Reached XP level 6. HP: 17/66 MP: 6/6
  1998 | D:3      | HP: 1/66 [phantom (5)]
  2645 | D:3      | Reached *** piety under Trog
  2753 | D:3      | Reached XP level 7. HP: 59/72 MP: 7/7
  3388 | D:4      | Reached skill level 5 in Maces & Flails
  3562 | D:4      | HP: 3/74 [orc/+0 mace (3)]
  3637 | D:4      | Slain by an iguana

Illustrated notes

Levels and vault maps discovered:
D:1:      denvon_arrival_planthouse, layout_loops_ring
D:2:      layout_loops_cross, minmay_misc_feat_tiny
D:3:      layout_basic, minivault_19, uniq_grinder
D:4:      layout_gridville

Skill      XL: |  1  2  3  4  5  6  7 |
---------------+----------------------+-----
Armour         | 1 2 3 |  3.5
Evocations     | 1 2 3 |  3.3
Fighting       | 5 |  5.7
Maces & Flails | 4 5 |  5.2
Dodging        | |  2.6

Action                     |  1- 3 |  4- 6 |  7- 9 || total
---------------------------+-------+-------+-------++-------
  Melee: Mace              |   117 |    66 |       ||   183
         Headbutt          |    13 |    22 |    16 ||    51
         Punch             |     1 |     1 |     2 ||     4
         Flail             |       |    56 |    76 ||   132
 Invoke: Trog's Hand       |       |     1 |     1 ||     2
         Berserk           |       |     1 |       ||     1
    Use: Scroll            |     6 |       |     2 ||     8
         Potion            |       |     2 |     2 ||     4
   Stab: Sleeping          |     1 |       |       ||     1
 Armour: Animal skin       |   111 |    53 |       ||   164
         Robe              |       |    36 |   105 ||   141
  Dodge: Dodged            |    75 |    70 |    54 ||   199
